Map: Dasan Station LE

Players

frank

  • Race: Protoss Protoss
  • League: Silver

A.I. 1 (Very Easy)

  • Race: Terran Terran

VOD

Have the link to the VOD?

Description

Time

  • Played on: July 22, 2016, 1:15 p.m.
  • Length: 18:08
Show
View Real Time Build Order
Export as new Build Order

frank Protoss 

Build Orders: Blink Stalkers 

Get SALT Encoding   

  1  0:00  Terran Ship Armor Level 3, Zerg Missile Weapons Level 3, Terran Infantry Armor Level 3, Terran Ship Weapons Level 3, Protoss Air Weapons Level 3, Terran Infantry Weapons Level 3, Protoss Shields Level 3, Zerg Ground Armor Level 3, Terran Vehicle Armor Level 3, Terran Vehicle Weapons Level 3, Probe x12 (Chrono Boost), Protoss Air Armor Level 3, Protoss Ground Weapons Level 3, Protoss Ground Armor Level 3, Zerg Melee Weapons Level 3, Zerg Flyer Weapons Level 3, Zerg Flyer Armor Level 3  
    0:10  Unknown  
    0:12  Probe (Chrono Boost)  
  13  0:15  Protoss Air Armor Level 2, Terran Vehicle Armor Level 2, Terran Vehicle Weapons Level 2, Terran Infantry Armor Level 2, Zerg Flyer Armor Level 2, Zerg Flyer Weapons Level 2, Terran Ship Armor Level 2, Zerg Ground Armor Level 2, Zerg Missile Weapons Level 2, Protoss Ground Weapons Level 2, Protoss Shields Level 2, Protoss Air Weapons Level 2, Terran Infantry Weapons Level 2, Terran Ship Weapons Level 2, Zerg Melee Weapons Level 2, Protoss Ground Armor Level 2  
  13  0:22  Probe (Chrono Boost)  
  14  0:29  Pylon  
  14  0:30  Stimpack, Blink  
  14  0:37  Zerg Melee Weapons Level 1, Protoss Ground Armor Level 1, Protoss Air Armor Level 1, Zerg Flyer Weapons Level 1, Protoss Ground Weapons Level 1, Terran Infantry Weapons Level 1, Zerg Missile Weapons Level 1, Zerg Flyer Armor Level 1, Protoss Shields Level 1, Warp Gate, Terran Vehicle Armor Level 1, Terran Infantry Armor Level 1, Terran Vehicle Weapons Level 1, Terran Ship Armor Level 1, Zerg Ground Armor Level 1, Protoss Air Weapons Level 1, Terran Ship Weapons Level 1  
  15  0:51  Building Armor, Resonating Glaives, Extended Thermal Lance, Charge  
  15  0:58  Adrenal Glands, Ventral Sacs  
  15  1:04  Enduring Locusts  
  15  1:05  Personal Cloaking  
  15  1:11  Psionic Storm  
  15  1:12  Neural Parasite, Tunneling Claws, Infernal Pre-Igniter, Durable Materials, Centrifical Hooks, Chitinous Plating, Cloaking Field, Neosteel Frame, Combat Shields, Metabolic Boost, Corvid Reactor, Glial Reconstitution  
  15  1:20  Muscular Augments x2, Burrow  
  15  1:34  Graviton Catapult, Behemoth Reactor, Pathogen Glands, Gravitic Drive, Moebius Reactor, Observer Gravitic Boosters, Hi-Sec Auto Tracking, Caduceus Reactor  
  15  1:48  Weapon Refit, Concussive Shells, Pneumatized Carapace  
  15  2:31  Unknown x5  
    2:37  Probe x12 (Chrono Boost)  
    2:47  Unknown  
    2:48  Probe (Chrono Boost)  
  13  2:59  Probe (Chrono Boost)  
  14  3:07  Pylon  
  14  3:09  Probe (Chrono Boost)  
  15  3:25  Probe (Chrono Boost)  
  16  3:35  Probe (Chrono Boost)  
  17  3:46  Probe (Chrono Boost)  
  18  3:51  Gateway  
  18  3:52  Gateway  
  18  3:56  Probe (Chrono Boost)  
  19  4:02  Assimilator  
  19  4:07  Probe (Chrono Boost), Assimilator  
  20  4:16  Pylon  
  20  4:18  Probe (Chrono Boost)  
  21  4:28  Probe (Chrono Boost)  
  24  4:38  Zealot  
  24  4:39  Probe (Chrono Boost)  
  24  4:40  Zealot  
  24  4:44  Cybernetics Core  
  27  4:49  Probe (Chrono Boost)  
  29  5:00  Probe (Chrono Boost)  
  29  5:07  Pylon  
  28  5:20  Adept  
  30  5:25  Adept  
  32  5:38  Forge  
  32  5:39  Gateway  
  32  5:47  Adept  
  34  5:50  Pylon  
  35  6:04  Probe (Chrono Boost)  
  35  8:45  Terran Ship Armor Level 3, Zerg Missile Weapons Level 3, Terran Infantry Armor Level 3, Terran Ship Weapons Level 3, Protoss Air Weapons Level 3, Terran Infantry Weapons Level 3, Protoss Shields Level 3, Terran Vehicle Armor Level 3, Terran Vehicle Weapons Level 3, Zerg Ground Armor Level 3, Protoss Air Armor Level 3, Protoss Ground Weapons Level 3, Protoss Ground Armor Level 3, Zerg Melee Weapons Level 3, Zerg Flyer Weapons Level 3, Zerg Flyer Armor Level 3  
  35  9:06  Protoss Air Armor Level 2, Terran Vehicle Armor Level 2, Terran Vehicle Weapons Level 2, Terran Infantry Armor Level 2, Zerg Flyer Armor Level 2, Zerg Flyer Weapons Level 2, Terran Ship Armor Level 2, Zerg Ground Armor Level 2, Zerg Missile Weapons Level 2, Protoss Ground Weapons Level 2, Protoss Shields Level 2, Protoss Air Weapons Level 2, Terran Infantry Weapons Level 2, Terran Ship Weapons Level 2, Zerg Melee Weapons Level 2, Protoss Ground Armor Level 2  
  35  9:21  Stimpack, Blink  
  35  9:28  Zerg Melee Weapons Level 1, Protoss Ground Armor Level 1, Protoss Air Armor Level 1, Zerg Flyer Weapons Level 1, Protoss Ground Weapons Level 1, Terran Infantry Weapons Level 1, Zerg Missile Weapons Level 1, Zerg Flyer Armor Level 1, Protoss Shields Level 1, Warp Gate, Terran Vehicle Armor Level 1, Terran Infantry Armor Level 1, Terran Vehicle Weapons Level 1, Terran Ship Armor Level 1, Zerg Ground Armor Level 1, Protoss Air Weapons Level 1, Terran Ship Weapons Level 1  
  35  9:42  Building Armor, Resonating Glaives, Extended Thermal Lance, Charge  
  35  9:49  Adrenal Glands, Ventral Sacs  
  35  9:55  Enduring Locusts  
  35  9:56  Personal Cloaking  
  35  10:02  Psionic Storm  
  35  10:03  Neural Parasite, Tunneling Claws, Infernal Pre-Igniter, Durable Materials, Centrifical Hooks, Chitinous Plating, Cloaking Field, Neosteel Frame, Combat Shields, Metabolic Boost, Corvid Reactor, Glial Reconstitution  
  35  10:11  Muscular Augments x2, Burrow  
  35  10:25  Graviton Catapult, Behemoth Reactor, Pathogen Glands, Gravitic Drive, Moebius Reactor, Observer Gravitic Boosters, Hi-Sec Auto Tracking, Caduceus Reactor  
  35  10:39  Weapon Refit, Concussive Shells, Pneumatized Carapace  
  35  11:22  Unknown x5  
    11:27  Probe x12 (Chrono Boost)  
    11:38  Unknown  
    11:39  Probe (Chrono Boost)  
  13  11:50  Probe (Chrono Boost)  
  14  12:00  Pylon, Probe (Chrono Boost)  
  15  12:18  Probe (Chrono Boost)  
  16  12:25  Gateway  
  16  12:26  Gateway  
  17  12:30  Probe (Chrono Boost)  
  17  12:40  Probe (Chrono Boost)  
  18  12:51  Probe (Chrono Boost)  
  19  12:53  Assimilator  
  19  13:00  Pylon  
  19  13:01  Probe (Chrono Boost)  
  20  13:12  Zealot, Probe (Chrono Boost)  
  23  13:18  Zealot  
  25  13:26  Cybernetics Core, Probe (Chrono Boost)  
  26  13:36  Probe (Chrono Boost)  
  26  13:39  Pylon  
  27  13:45  Assimilator  
  27  14:03  Adept x2  
  27  14:05  Probe (Chrono Boost)  
  31  14:16  Mothership Core (Chrono Boost)  
  33  14:25  Pylon  
  33  14:28  Warp Gate  
  33  14:34  Probe (Chrono Boost)  
  34  14:44  Probe (Chrono Boost)  
  35  14:51  Nexus  
  35  14:55  Probe (Chrono Boost)  
  35  14:59  Stalker  
  38  15:01  Stalker  
  38  15:05  Probe (Chrono Boost)  
  41  15:16  Probe (Chrono Boost)  
  42  15:31  Forge  
  42  15:33  Twilight Council  
  42  15:38  Probe (Chrono Boost)  
  43  15:48  Probe (Chrono Boost)  
  44  16:01  Assimilator  
  44  16:14  Robotics Facility  
  44  16:16  Gateway  
  44  16:20  Probe x2 (Chrono Boost)  
  46  16:33  Probe x2 (Chrono Boost)  
  48  16:43  Probe (Chrono Boost)  
  48  16:44  Probe (Chrono Boost)  
  50  16:50  Pylon  
  51  16:54  Probe x2 (Chrono Boost)  
  51  16:55  Assimilator  
  51  16:58  Sentry x2  
Show
View Real Time Build Order
Export as new Build Order

A.I. 1 (Very Easy) Terran 

Build Orders: Command Center First (CC), MMM Bio, Banshee Rush 

Get SALT Encoding   

  1  0:00  Terran Ship Armor Level 3, Zerg Missile Weapons Level 3, Terran Infantry Armor Level 3, SCV x12, Terran Ship Weapons Level 3, Protoss Air Weapons Level 3, Terran Infantry Weapons Level 3, Protoss Shields Level 3, Terran Vehicle Armor Level 3, Terran Vehicle Weapons Level 3, Zerg Ground Armor Level 3, Protoss Air Armor Level 3, Protoss Ground Weapons Level 3, Protoss Ground Armor Level 3, Zerg Melee Weapons Level 3, Zerg Flyer Weapons Level 3, Zerg Flyer Armor Level 3  
    0:10  SCV, Unknown  
  13  0:15  Protoss Air Armor Level 2, Terran Vehicle Armor Level 2, Terran Vehicle Weapons Level 2, Terran Infantry Armor Level 2, Zerg Flyer Armor Level 2, Zerg Flyer Weapons Level 2, Terran Ship Armor Level 2, Zerg Ground Armor Level 2, Zerg Missile Weapons Level 2, Protoss Ground Weapons Level 2, Protoss Shields Level 2, Protoss Air Weapons Level 2, Terran Infantry Weapons Level 2, Terran Ship Weapons Level 2, Zerg Melee Weapons Level 2, Protoss Ground Armor Level 2  
  13  0:22  SCV  
  14  0:29  Supply Depot  
  14  0:30  Stimpack, Blink  
  15  0:37  Zerg Melee Weapons Level 1, Protoss Ground Armor Level 1, Protoss Air Armor Level 1, Zerg Flyer Weapons Level 1, Protoss Ground Weapons Level 1, Terran Infantry Weapons Level 1, Zerg Missile Weapons Level 1, Zerg Flyer Armor Level 1, Protoss Shields Level 1, Warp Gate, Terran Vehicle Armor Level 1, Terran Infantry Armor Level 1, Terran Vehicle Weapons Level 1, Terran Ship Armor Level 1, Zerg Ground Armor Level 1, Protoss Air Weapons Level 1, Terran Ship Weapons Level 1  
  15  0:51  Building Armor, Resonating Glaives, Extended Thermal Lance, Charge  
  15  0:58  Adrenal Glands, Ventral Sacs  
  15  1:04  Enduring Locusts  
  15  1:05  Personal Cloaking  
  15  1:11  Psionic Storm  
  15  1:12  Neural Parasite, Tunneling Claws, Infernal Pre-Igniter, Durable Materials, Centrifical Hooks, Chitinous Plating, Cloaking Field, Neosteel Frame, Combat Shields, Metabolic Boost, Corvid Reactor, Glial Reconstitution  
  15  1:20  Muscular Augments x2, Burrow  
  15  1:34  Graviton Catapult, Behemoth Reactor, Pathogen Glands, Gravitic Drive, Moebius Reactor, Observer Gravitic Boosters, Hi-Sec Auto Tracking, Caduceus Reactor  
  15  1:48  Weapon Refit, Concussive Shells, Pneumatized Carapace  
  15  2:31  Unknown x5  
  15  2:35  SCV x12  
    2:47  Unknown  
    2:49  SCV  
  13  3:02  SCV  
  14  3:14  SCV  
  15  3:23  Supply Depot  
  15  3:45  SCV  
  15  3:46  Command Center  
  16  3:57  SCV  
  17  4:03  Barracks  
  17  4:04  Refinery  
  17  4:20  Supply Depot  
  17  4:25  Refinery  
  17  4:50  Marine  
  17  4:51  SCV  
  19  4:59  SCV  
  20  5:06  SCV  
  21  5:09  Barracks Tech Lab  
  21  5:33  Marauder  
  17  6:38  Marine  
  19  8:45  Terran Ship Armor Level 3, Zerg Missile Weapons Level 3, Terran Infantry Armor Level 3, Terran Ship Weapons Level 3, Protoss Air Weapons Level 3, Terran Infantry Weapons Level 3, Protoss Shields Level 3, Terran Vehicle Armor Level 3, Terran Vehicle Weapons Level 3, Zerg Ground Armor Level 3, Protoss Air Armor Level 3, Protoss Ground Weapons Level 3, Protoss Ground Armor Level 3, Zerg Melee Weapons Level 3, Zerg Flyer Weapons Level 3, Zerg Flyer Armor Level 3  
  19  9:06  Protoss Air Armor Level 2, Terran Vehicle Armor Level 2, Terran Vehicle Weapons Level 2, Terran Infantry Armor Level 2, Zerg Flyer Armor Level 2, Zerg Flyer Weapons Level 2, Terran Ship Armor Level 2, Zerg Ground Armor Level 2, Zerg Missile Weapons Level 2, Protoss Ground Weapons Level 2, Protoss Shields Level 2, Protoss Air Weapons Level 2, Terran Infantry Weapons Level 2, Terran Ship Weapons Level 2, Zerg Melee Weapons Level 2, Protoss Ground Armor Level 2  
  19  9:21  Stimpack, Blink  
  19  9:28  Zerg Melee Weapons Level 1, Protoss Ground Armor Level 1, Protoss Air Armor Level 1, Zerg Flyer Weapons Level 1, Protoss Ground Weapons Level 1, Terran Infantry Weapons Level 1, Zerg Missile Weapons Level 1, Zerg Flyer Armor Level 1, Protoss Shields Level 1, Warp Gate, Terran Vehicle Armor Level 1, Terran Infantry Armor Level 1, Terran Vehicle Weapons Level 1, Terran Ship Armor Level 1, Zerg Ground Armor Level 1, Protoss Air Weapons Level 1, Terran Ship Weapons Level 1  
  19  9:42  Building Armor, Resonating Glaives, Extended Thermal Lance, Charge  
  19  9:49  Adrenal Glands, Ventral Sacs  
  19  9:55  Enduring Locusts  
  19  9:56  Personal Cloaking  
  19  10:02  Psionic Storm  
  19  10:03  Neural Parasite, Tunneling Claws, Infernal Pre-Igniter, Durable Materials, Centrifical Hooks, Chitinous Plating, Cloaking Field, Neosteel Frame, Combat Shields, Metabolic Boost, Corvid Reactor, Glial Reconstitution  
  19  10:11  Muscular Augments x2, Burrow  
  19  10:25  Graviton Catapult, Behemoth Reactor, Pathogen Glands, Gravitic Drive, Moebius Reactor, Observer Gravitic Boosters, Hi-Sec Auto Tracking, Caduceus Reactor  
  19  10:39  Weapon Refit, Concussive Shells, Pneumatized Carapace  
  19  11:06  SCV  
  19  11:22  Unknown x5  
    11:26  SCV x12  
    11:38  SCV, Unknown  
  13  11:50  SCV  
  14  12:02  SCV  
  15  12:08  Supply Depot  
  15  12:30  SCV  
  16  12:42  SCV  
  17  12:45  Command Center  
  17  12:54  Barracks  
  17  13:25  Refinery  
  17  13:28  Refinery  
  17  13:31  Supply Depot  
  17  13:32  SCV  
  18  13:40  Marine  
  19  13:44  SCV  
  20  13:56  SCV  
  20  13:59  Marine  
  22  14:18  Marine  
  23  14:29  Factory  
  23  14:56  Marine  
  21  15:05  SCV  
  21  15:13  SCV  
  18  15:20  SCV  
  14  15:25  Marine  
  14  15:27  SCV  
  10  15:28  Starport  
  10  15:34  SCV  
  7  15:41  SCV  
  6  15:48  SCV  
  5  15:53  SCV, Marine  
  6  16:00  SCV  
  6  16:05  SCV  
  6  16:06  Starport Tech Lab  
  6  16:13  SCV  
  6  16:18  SCV  
  5  16:22  Marine  
  5  16:30  SCV  
Tags
 
Add a new tag
Caveats
  • Supply blocks, unpowered buildings, or Contaminate may cause inaccurate times.
  • Supply counts are checked every 10 seconds.